[Event "Early-Titled-Tuesday-Blitz-May-07-2024"]
[Site "Chess.com"]
[Date "2024.05.07"]
[Round "7"]
[White "Zq1"]
[Black "scarabee43"]
[Result "0-1"]
[WhiteElo "2623"]
[BlackElo "2825"]
[TimeControl "180+1"]
[EndTime "9:20:50 PDT"]
[Termination "scarabee43 won on time"]

1. d4 Nf6 2. c4 e6 3. g3 d5 4. Bg2 Be7 5. Nf3 O-O 6. Qc2 b6 7. cxd5 exd5 8. O-O Bb7 9. Nc3 Nbd7 10. Bf4 c5 11.
Rfd1 Rc8 12. dxc5 bxc5 13. Qb3 Nb6 14. a4 a5 15. Ne5 c4 16. Qa2 Bb4 17. Nb5 Qe7 18.
h4 Rfd8 19. b3 c3 20. Qc2 Ne4 21. Nf3 Nd7 22. Nfd4 Ndf6 23. Nf5 Qe6 24. Nbd4 Qb6 25. Be3 Ng4 26. Bxe4 dxe4 27. Nb5 Qf6 28. Rxd8+ Rxd8 29.
Nbd4 Nxe3 30. fxe3 Qe5 0-1

[Event "Early-Titled-Tuesday-Blitz-May-07-2024"]
[Site "Chess.com"]
[Date "2024.05.07"]
[Round "7"]
[White "MiguelBestard1981"]
[Black "MarlonJodar"]
[Result "1-0"]
[WhiteElo "2190"]
[BlackElo "2271"]
[TimeControl "180+1"]
[EndTime "9:20:50 PDT"]
[Termination "MiguelBestard1981 won by resignation"]

1. e4 c5 2. Nf3 e6 3. d4 cxd4 4. Nxd4 Nc6 5. Nxc6 bxc6 6. Bd3 Nf6 7. Nd2 d5 8. O-O Be7 9. Qe2 O-O 10. e5 Nd7 11.
Nf3 a5 12. Bf4 c5 13. c3 Qb6 14. h4 Ba6 15. c4 dxc4 16. Be4 Rab8 17. Ng5 g6 18. Nxh7 Rfd8 19. h5 Nf8 20. Nxf8 Bxf8 21.
hxg6 fxg6 22. Bxg6 Qc7 23. Qg4 Qg7 24. Qxe6+ Kh8 25.
Qxa6 Ra8 26. Qe6 Re8 27. Bxe8 1-0

[Event "Early-Titled-Tuesday-Blitz-May-07-2024"]
[Site "Chess.com"]
[Date "2024.05.07"]
[Round "7"]
[White "tptagain"]
[Black "Caroexpert"]
[Result "1-0"]
[WhiteElo "2920"]
[BlackElo "2672"]
[TimeControl "180+1"]
[EndTime "9:20:51 PDT"]
[Termination "tptagain won by resignation"]

1. e4 c6 2. d4 d5 3. e5 Bf5 4. Bd3 Bxd3 5. Qxd3 Qa5+ 6. c3 e6 7. Ne2 c5 8. O-O Nc6 9. Nd2 Rc8 10. Nf3 Nge7 11. dxc5 Ng6 12. b4 Qc7 13. Ned4 Ncxe5 14. Nxe5 Nxe5 15. Qg3 Nc6 16. Bf4 Qd7 17. Rfe1 a5 18. a3 Ne7 19. h4 Ng6 20. Bd2 h5 21. Nxe6 Be7 22. Nxg7+ Kf8 23. Ne6+ Kg8 24. Nf4 Kh7 25. Nxg6 fxg6 26. Bg5 Bf8 27. Re3 Rg8 28. Rae1 Rg7 29. Bf6 Rf7 30. Bd4 Bh6 31. Re6 Rg8 32. Qd6 Qxd6 33.
Rxd6 g5 34. Ree6 Bf8 35. Rxd5 1-0

[Event "Early-Titled-Tuesday-Blitz-May-07-2024"]
[Site "Chess.com"]
[Date "2024.05.07"]
[Round "7"]
[White "Antosha_Chekhonte"]
[Black "ilqar_74"]
[Result "0-1"]
[WhiteElo "2572"]
[BlackElo "2822"]
[TimeControl "180+1"]
[EndTime "9:20:52 PDT"]
[Termination "ilqar_74 won on time"]

1. e4 c5 2. Nf3 d6 3. c3 Nf6 4. Be2 e6 5. O-O Be7 6. Bb5+ Bd7 7. Bxd7+ Nbxd7 8. Qe2 O-O 9. d4 cxd4 10. cxd4 d5 11. e5 Ne4 12. Nbd2 Nxd2 13. Bxd2 Rc8 14. Qb5 Nb6 15. Ba5 Rc6 16. Rfc1 Qc8 17. Rxc6 bxc6 18. Qe2 c5 19. Rc1 c4 20. b3 Qa6 21. Qd2 Rc8 22.
g3 h6 23. Kg2 Qb5 24. Rb1 Qc6 25. Rc1 Ba3 26. Rc2 Qb5 27. h4 cxb3 28. Rxc8+ Nxc8 29. axb3 Qxb3 30. h5 Nb6 31. Bxb6 axb6 32. g4 Bb4 33. Qf4 Qd3 34. g5 Qe4 35. Qc1 Qg4+ 36. Kf1 Qxf3 0-1

[Event "Early-Titled-Tuesday-Blitz-May-07-2024"]
[Site "Chess.com"]
[Date "2024.05.07"]
[Round "7"]
[White "Ryukchess81"]
[Black "Bilan_Danila"]
[Result "1-0"]
[WhiteElo "2416"]
[BlackElo "2548"]
[TimeControl "180+1"]
[EndTime "9:20:52 PDT"]
[Termination "Ryukchess81 won on time"]

1. d4 d5 2. Bf4 Nf6 3. e3 c5 4. dxc5 Nc6 5. Bb5 Qa5+ 6. Nc3 e6 7. Qd4 Bd7 8. Bxc6 bxc6 9. b4 Qa6 10.
Nge2 Be7 11. O-O O-O 12. a4 Ne8 13. Rfb1 f6 14. b5 Qa5 15. Qd3 Bxc5 16. Nc1 e5 17.
Nb3 Qb6 18. Nxd5 cxd5 19. Qxd5+ Be6 20. Qxa8 exf4 21. Nxc5 Qxc5 22. exf4 Bd5 23. Qd8 Nd6 24. Qa5 Ne4 25. Qe1 Nc3 26. Rb2 Kf7 27. Qe3 Qxe3 28.
fxe3 Re8 29. a5 Rxe3 30. b6 Re2 31. b7 Rxg2+ 32. Kf1 Rxh2 33. b8=Q Bc4+ 34. Kg1 1-0

[Event "Early-Titled-Tuesday-Blitz-May-07-2024"]
[Site "Chess.com"]
[Date "2024.05.07"]
[Round "7"]
[White "francyIM"]
[Black "masnyszachistaaa"]
[Result "1-0"]
[WhiteElo "2798"]
[BlackElo "2598"]
[TimeControl "180+1"]
[EndTime "9:20:53 PDT"]
[Termination "francyIM won by resignation"]

1. d4 Nf6 2. Bg5 d5 3. e3 Ne4 4. Bf4 e6 5. Nd2 Nxd2 6. Qxd2 Bd6 7. Bg3 O-O 8. Bd3 c5 9. c3 Nc6 10. Nf3 f5 11. Bb5 cxd4 12. Nxd4 Ne7 13. Ba4 e5 14. Ne2 Be6 15. f4 Ng6 16. Bb3 exf4 17. exf4 Bc5 18.
Bf2 Bxf2+ 19. Kxf2 Re8 20. g3 a5 21. a4 Qb6+ 22. Nd4 Kh8 23. Rhe1 Bf7 24. Rxe8+ Rxe8 25. Re1 Rxe1 26. Qxe1 Nf8 27. Qe7 Kg8 28. Ke1 g6 29. Kd1 h6 30. Kc2 Qa6 31. Kb1 Qf1+ 32. Ka2 Qa6 33.
Nf3 Qe6 34. Qc5 Qe4 35. Ne5 Be6 36. Qxa5 d4 37. Qb6 Bxb3+ 38. Qxb3+ Kh8 39. Qf7 Nh7 1-0

[Event "Early-Titled-Tuesday-Blitz-May-07-2024"]
[Site "Chess.com"]
[Date "2024.05.07"]
[Round "7"]
[White "Aygehovit1992"]
[Black "Kazmin_Semyon"]
[Result "1-0"]
[WhiteElo "2863"]
[BlackElo "2614"]
[TimeControl "180+1"]
[EndTime "9:20:55 PDT"]
[Termination "Aygehovit1992 won by checkmate"]

1. e4 e6 2. d4 d5 3. Nc3 Bb4 4.
Ne2 Nf6 5. e5 Nfd7 6. a3 Be7 7.
f4 c5 8. g3 Nc6 9. Be3 Rb8 10. Bg2 g6 11. O-O b5 12. a4 b4 13. Nb5 c4 14. b3 c3 15. g4 a6 16.
Nd6+ Bxd6 17. exd6 h5 18. f5 hxg4 19. fxe6 fxe6 20.
Bf4 Qh4 21. Bg3 Qg5 22. Nf4 Nf6 23. Qd3 Kf7 24. Rae1 Bd7 25. Qxa6 Nxd4 26. Qa7 Nf5 27. Rxe6 Ra8 28. Rxf6+ Kxf6 29. Qxd7 Rhd8 30. Nxd5# 1-0

[Event "Early-Titled-Tuesday-Blitz-May-07-2024"]
[Site "Chess.com"]
[Date "2024.05.07"]
[Round "7"]
[White "SharapovEvgeny"]
[Black "svilson23"]
[Result "1-0"]
[WhiteElo "2634"]
[BlackElo "2308"]
[TimeControl "180+1"]
[EndTime "9:20:55 PDT"]
[Termination "SharapovEvgeny won by resignation"]

1. e4 c5 2. Nf3 d6 3. d4 cxd4 4.
Nxd4 Nf6 5. f3 e5 6. Nb3 d5 7. Bg5 Be6 8. Bxf6 gxf6 9. exd5 Qxd5 10. Qxd5 Bxd5 11. Nc3 Be6 12. O-O-O Nc6 13. Bb5 Rc8 14. Na5 Ke7 15. Nxb7 Nd4 16. Ba4 Bh6+ 17. Kb1 Rc7 18. Na5 Rb8 19. Nb3 Rb4 20. a3 Rb8 21. Rhe1 Rcb7 22.
Ne4 Nxb3 23. Bxb3 Bxb3 24. cxb3 Rxb3 25. Re2 Rxa3 26. Nc5 Ra5 27. Rd7+ Ke8 28. Rc7 Rab5 29. Ne4 R5b7 30. Nd6+ Kd8 31. Rxb7 Rxb7 32. Nxb7+ 1-0

[Event "Early-Titled-Tuesday-Blitz-May-07-2024"]
[Site "Chess.com"]
[Date "2024.05.07"]
[Round "7"]
[White "Caterpiller35"]
[Black "rhwr"]
[Result "0-1"]
[WhiteElo "2482"]
[BlackElo "2302"]
[TimeControl "180+1"]
[EndTime "9:20:58 PDT"]
[Termination "rhwr won by checkmate"]

1. e4 c5 2. Nf3 d6 3. d4 cxd4 4. Nxd4 Nf6 5. Nc3 e5 6. Bb5+ Bd7 7. Bxd7+ Qxd7 8. Nf5 d5 9. Nxd5 Nxe4 10. Nfe3 Bc5 11. O-O O-O 12. b4 Bd4 13. Nf5 Kh8 14. Nxd4 Qxd5 15. Ne2 Qe6 16. Bb2 Nc6 17. c3 Rad8 18.
Qc2 Rd2 19. Qxe4 Rxb2 20. f4 f5 21. Qe3 e4 22. Rfd1 Rxa2 23. Rxa2 Qxa2 24. Qc5 Rg8 25.
Nd4 Nxd4 26. Qxd4 Qe2 27. Qd2 Qg4 28. Qe3 Qxd1+ 29. Kf2 Rd8 30. Qxa7 Rd2+ 31. Kg3 Qg4# 0-1

[Event "Early-Titled-Tuesday-Blitz-May-07-2024"]
[Site "Chess.com"]
[Date "2024.05.07"]
[Round "7"]
[White "tetrix83"]
[Black "FaustinoOro"]
[Result "1-0"]
[WhiteElo "2684"]
[BlackElo "2866"]
[TimeControl "180+1"]
[EndTime "9:21:00 PDT"]
[Termination "tetrix83 won by resignation"]

1. e4 e5 2. Nf3 Nc6 3. Bb5 a6 4. Bxc6 dxc6 5. O-O Bd6 6. d4 exd4 7. Qxd4 f6 8. b3 Ne7 9. Ba3 Bxa3 10. Qxd8+ Kxd8 11. Nxa3 Bg4 12. Rad1+ Ke8 13. Rd3 Ng6 14. h3 Bxf3 15.
Rxf3 Ne5 16. Re3 Ke7 17. f4 Ng6 18. Nc4 b6 19. f5 Ne5 20. Nxe5 fxe5 21. Rg3 Kf6 22.
Rd1 Rad8 23. Rgd3 Rxd3 24. Rxd3 Ke7 25. Kf2 a5 26. c4 h6 27. Rg3 Rg8 28. Rg6 c5 29.
Re6+ Kf7 30. Rxe5 c6 31. Re6 Rd8 32. Rxc6 Rd2+ 33. Kf3 Rxa2 34. Rxb6 a4 35. b4 Rc2 36. bxc5 Rxc4 37. Ra6 1-0

[Event "Early-Titled-Tuesday-Blitz-May-07-2024"]
[Site "Chess.com"]
[Date "2024.05.07"]
[Round "7"]
[White "ansko1999"]
[Black "kpio91"]
[Result "0-1"]
[WhiteElo "2643"]
[BlackElo "2869"]
[TimeControl "180+1"]
[EndTime "9:21:00 PDT"]
[Termination "kpio91 won by resignation"]

1. c4 e6 2. Nf3 d5 3. e3 Nf6 4. b3 Be7 5. Bb2 b6 6. cxd5 exd5 7. Nc3 Bb7 8. d4 O-O 9. Bd3 Nbd7 10. O-O a6 11. Rc1 Re8 12. Ne2 Bd6 13. Ng3 g6 14. Rc2 Qe7 15. Qa1 Rac8 16. Rfc1 h5 17. a3 Ne4 18. b4 Ndf6 19. Ne5 Nxg3 20. hxg3 Ng4 21. Nxg4 hxg4 22. b5 a5 23. a4 Bxg3 24. Ba3 Bd6 25. Bxd6 Qxd6 26. g3 Kg7 27. Rc3 Rxe3 28. fxe3 Qxg3+ 29. Kf1 Rh8 0-1

[Event "Early-Titled-Tuesday-Blitz-May-07-2024"]
[Site "Chess.com"]
[Date "2024.05.07"]
[Round "7"]
[White "KuzubovYuriy"]
[Black "IMchanged"]
[Result "1-0"]
[WhiteElo "2967"]
[BlackElo "2766"]
[TimeControl "180+1"]
[EndTime "9:21:01 PDT"]
[Termination "KuzubovYuriy won by resignation"]

1. d4 Nf6 2. c4 c5 3. d5 b5 4. Nf3 Bb7 5. b3 e6 6. dxe6 fxe6 7. cxb5 Be7 8. g3 O-O 9. Bg2 Ne4 10. Bb2 Bf6 11. Bxf6 Qxf6 12. Nbd2 Nxd2 13. Kxd2 a6 14. Qc2 axb5 15. Rhd1 c4 16. bxc4 bxc4 17. Qxc4 Ba6 18. Qd4 Qd8 19. Ke1 d5 20. Rac1 Bc4 21. Rxc4 Qa5+ 22. Rc3 Nc6 23. Qd2 Nb4 24. Kf1 Nxa2 25. Re3 Qa4 26. Rb1 Nb4 27. Qxb4 Qxb4 28. Rxb4 Ra1+ 29.
Ne1 Rc8 30. f4 Rcc1 31. Rxe6 1-0

[Event "Early-Titled-Tuesday-Blitz-May-07-2024"]
[Site "Chess.com"]
[Date "2024.05.07"]
[Round "7"]
[White "Casablanca"]
[Black "ImportedItalianMaple"]
[Result "1-0"]
[WhiteElo "2721"]
[BlackElo "2505"]
[TimeControl "180+1"]
[EndTime "9:21:03 PDT"]
[Termination "Casablanca won by resignation"]

1. d4 g6 2. e4 Bg7 3. Be3 d6 4. Qd2 a6 5. Nc3 b5 6. O-O-O Bb7 7. f3 Nd7 8. h4 h6 9. g4 e6 10. Bg2 Ngf6 11. Kb1 c5 12. Nce2 c4 13. Ng3 Rc8 14.
N1e2 a5 15. g5 Ng8 16. h5 b4 17. hxg6 c3 18. gxf7+ Kxf7 19. Qd3 hxg5 20. Rxh8 Bxh8 21. Rh1 Bg7 22. Bh3 Ngf6 23. Bg4 Nxg4 24. fxg4 Nf6 25. Bxg5 Qb6 26. Rf1 Ba6 27. Qf3 Rf8 28. Bxf6 Kg8 29.
Nh5 Bxe2 30. Qxe2 e5 31. Bxg7 Rxf1+ 32. Qxf1 Qxd4 33. Qf8+ Kh7 34. Qf5+ Kg8 35. Qe6+ Kh7 36. Qh6+ Kg8 37. Bf6 Kf7 38. Qg7+ 1-0

[Event "Early-Titled-Tuesday-Blitz-May-07-2024"]
[Site "Chess.com"]
[Date "2024.05.07"]
[Round "7"]
[White "average_trans"]
[Black "Nadtkins"]
[Result "0-1"]
[WhiteElo "2352"]
[BlackElo "2542"]
[TimeControl "180+1"]
[EndTime "9:21:06 PDT"]
[Termination "Nadtkins won by resignation"]

1. d4 Nf6 2. c4 d6 3. Nc3 e5 4.
dxe5 dxe5 5. Qxd8+ Kxd8 6. Bg5 Be6 7. O-O-O+ Nd7 8. Nf3 Kc8 9. g3 Ng4 10. Be3 Nxe3 11.
fxe3 Bc5 12. Kb1 Bxe3 13. Nd5 Bc5 14. Ng5 Bf5+ 15. e4 Bg6 16. Bh3 Rd8 17. Rhe1 c6 18.
Nc3 Kc7 19. b4 Bxb4 20. Rd3 Nc5 21. Rxd8 Rxd8 22. Re3 h6 23. Nf3 Bxc3 24. Rxc3 Nxe4 25. Rc2 Ng5 26. Nxg5 hxg5 27. Kb2 Bxc2 28. Kxc2 Rh8 0-1

[Event "Early-Titled-Tuesday-Blitz-May-07-2024"]
[Site "Chess.com"]
[Date "2024.05.07"]
[Round "7"]
[White "ploxoi"]
[Black "imdvb6307"]
[Result "1-0"]
[WhiteElo "2335"]
[BlackElo "2515"]
[TimeControl "180+1"]
[EndTime "9:21:06 PDT"]
[Termination "ploxoi won by checkmate"]

1. d4 d5 2. c4 c6 3. Nf3 Nf6 4. e3 Bg4 5. h3 Bxf3 6. Qxf3 e6 7. Nd2 Nbd7 8. Bd3 Bd6 9. O-O O-O 10. Rd1 e5 11.
cxd5 cxd5 12. dxe5 Nxe5 13. Qe2 Nxd3 14. Qxd3 Qe7 15.
b3 Qe5 16. Rb1 Qh2+ 17. Kf1 Qh1+ 18. Ke2 Qxg2 19. Bb2 Be7 20. Nf3 Qxh3 21. Rh1 Qe6 22. Bxf6 g6 23. Bb2 Bf6 24. Bxf6 Qxf6 25. Rh4 Rac8 26.
Rd4 Rfd8 27. Rd1 h5 28. Rxd5 Rxd5 29. Qxd5 Qb2+ 30. Rd2 Qa3 31. Qxb7 Rc1 32. Qb8+ Kg7 33. Qe5+ Kh7 34. Ng5+ Kh6 35. Nxf7+ Kh7 36. Qh8# 1-0

[Event "Early-Titled-Tuesday-Blitz-May-07-2024"]
[Site "Chess.com"]
[Date "2024.05.07"]
[Round "7"]
[White "Alphafischer2019"]
[Black "mortngabriel"]
[Result "1-0"]
[WhiteElo "2654"]
[BlackElo "2500"]
[TimeControl "180+1"]
[EndTime "9:21:07 PDT"]
[Termination "Alphafischer2019 won by checkmate"]

1. Nf3 c5 2. g3 Nc6 3. Bg2 g6 4.
d3 Bg7 5. e4 d6 6. O-O Nf6 7.
c3 O-O 8. a4 Rb8 9. Na3 a6 10.
Re1 b5 11. axb5 axb5 12. d4 cxd4 13. cxd4 d5 14. e5 Ne4 15. Nc2 Bg4 16. h3 Be6 17. Ng5 Nxg5 18. Bxg5 Qd7 19. Kh2 f6 20. exf6 exf6 21. Bf4 Ra8 22. Rxa8 Rxa8 23. Qe2 Nd8 24. Nb4 Bf7 25. Nxd5 Bxd5 26. Qe8+ Qxe8 27. Rxe8+ Kf7 28.
Bxd5+ Kxe8 29. Bxa8 Kd7 30. d5 f5 31. b3 Nf7 32.
Bc6+ Kd8 33. Bxb5 Be5 34. Be3 Nd6 35. Bb6+ Kc8 36. Bc6 Ne4 37. f4 Bc7 38. Bd4 Bd6 39. g4 Kc7 40. gxf5 gxf5 41. Be3 Nc3 42. Kg2 Ne4 43.
Kf3 Nf6 44. b4 Ng8 45. b5 Ne7 46. b6+ Kc8 47. b7+ Kc7 48. Ba7 Nxc6 49. dxc6 Kxc6 50. b8=Q Bxb8 51. Bxb8 Kd7 52. Be5 Ke6 53. Kg3 Kf7 54. Kh4 Kg6 55. Bc3 Kh6 56. Bd4 Kg6 57. Bc5 Kh6 58. Bf8+ Kg6 59. Kg3 Kf7 60. Bc5 Kg6 61. Kf3 Kh5 62. Be7 Kg6 63. Ke3 Kf7 64. Bd8 Ke8 65.
Bh4 Kf7 66. Kd4 Kg6 67. Kd5 Kh5 68. Bd8 Kg6 69. Ke6 h5 70. Bh4 Kh6 71. Kf6 Kh7 72.
Kxf5 Kh6 73. Kf6 Kh7 74. Kg5 Kg7 75. f5 Kg8 76. f6 Kh8 77. Kg6 Kg8 78. f7+ Kf8 79.
Be1 h4 80. Bb4# 1-0

[Event "Early-Titled-Tuesday-Blitz-May-07-2024"]
[Site "Chess.com"]
[Date "2024.05.07"]
[Round "7"]
[White "AttilaTurzo"]
[Black "VD_coach"]
[Result "0-1"]
[WhiteElo "2464"]
[BlackElo "2597"]
[TimeControl "180+1"]
[EndTime "9:21:07 PDT"]
[Termination "VD_coach won by resignation"]

1. e4 c5 2. Nf3 d6 3. d4 cxd4 4. Nxd4 Nf6 5. Nc3 g6 6. Be3 Bg7 7. f3 Nc6 8. Bc4 O-O 9. Qd2 Bd7 10. O-O-O Qa5 11. Bb3 Ne5 12. h4 Rfc8 13. h5 Rxc3 14. Qxc3 Qxc3 15. bxc3 Nxh5 16. g4 Nf6 17. g5 Nh5 18.
Rhf1 Rc8 19. Kb2 a5 20. a4 Bxa4 21. Ra1 Bxb3 22. cxb3 b6 23. c4 Ng3 24. Rg1 Ne2 25. Nxe2 Nxc4+ 26. Ka2 Nxe3 27. Rac1 Rc5 28. Nf4 Nc2 29.
Rg2 Nb4+ 30. Kb1 Be5 31. Rxc5 bxc5 32. Nd5 e6 33. Nxb4 axb4 34. Kc2 Kg7 35. Kd3 h6 36.
gxh6+ Kxh6 37. Ke3 g5 38. Rg1 Kg6 39. Rh1 f5 40. Rh8 Bxh8 0-1

[Event "Early-Titled-Tuesday-Blitz-May-07-2024"]
[Site "Chess.com"]
[Date "2024.05.07"]
[Round "7"]
[White "penguingm1"]
[Black "Kostya0705"]
[Result "1-0"]
[WhiteElo "2923"]
[BlackElo "2580"]
[TimeControl "180+1"]
[EndTime "9:21:08 PDT"]
[Termination "penguingm1 won by resignation"]

1. d4 Nf6 2. c4 e6 3. Nc3 Bb4 4. Qc2 O-O 5. Nf3 c5 6. dxc5 Na6 7. g3 Nxc5 8. Bg2 Nfe4 9. O-O Bxc3 10. bxc3 d6 11. Nd4 f5 12. Rd1 Qe7 13. Ba3 Rb8 14. Nb5 Rd8 15. f3 Nf6 16. Rxd6 Rxd6 17.
Bxc5 Rd1+ 18. Qxd1 Qxc5+ 19. Qd4 Qxd4+ 20. cxd4 a6 21. Nd6 Bd7 22. Rb1 b5 23. e4 Ne8 24. Nxe8 Bxe8 25. c5 Rd8 26. Rd1 Kf8 27. d5 exd5 28. exd5 f4 29. gxf4 Bf7 30. d6 Bxa2 31. Bh3 Bb3 32.
Rd2 Ra8 33. c6 Ke8 34. c7 1-0

[Event "Early-Titled-Tuesday-Blitz-May-07-2024"]
[Site "Chess.com"]
[Date "2024.05.07"]
[Round "7"]
[White "kanzaww"]
[Black "NMChessToImpress"]
[Result "1-0"]
[WhiteElo "2498"]
[BlackElo "2257"]
[TimeControl "180+1"]
[EndTime "9:21:08 PDT"]
[Termination "kanzaww won on time"]

1. e4 e6 2. d4 d5 3. e5 c5 4. c3 Qb6 5. Nf3 Nc6 6. Bd3 cxd4 7. O-O Bd7 8. Re1 Nge7 9. h4 dxc3 10. Nxc3 a6 11. h5 h6 12. Rb1 Nb4 13. Be3 Qa5 14. Bf1 Nf5 15. Bd2 Qb6 16. a3 Nc6 17. b4 Be7 18.
Bd3 Nh4 19. Na4 Qd8 20. Nxh4 Bxh4 21. Qg4 Nxe5 22. Rxe5 Bxa4 23. Rbe1 Bd7 24. Rxd5 O-O 25. Rde5 Bf6 26. Qe4 1-0

[Event "Early-Titled-Tuesday-Blitz-May-07-2024"]
[Site "Chess.com"]
[Date "2024.05.07"]
[Round "7"]
[White "valeriocarnicelli"]
[Black "Mops_2004"]
[Result "0-1"]
[WhiteElo "2565"]
[BlackElo "2803"]
[TimeControl "180+1"]
[EndTime "9:21:11 PDT"]
[Termination "Mops_2004 won by resignation"]

1. e4 c5 2. Nf3 Nc6 3. d4 cxd4 4.
Nxd4 Nf6 5. Nc3 e5 6. Ndb5 d6 7. Bg5 a6 8. Na3 b5 9. Nd5 Be7 10. Bxf6 Bxf6 11. c3 O-O 12. Nc2 Rb8 13. Nce3 Bg5 14.
Bd3 Ne7 15. O-O Nxd5 16. Nxd5 g6 17. b4 f5 18. a4 Be6 19. axb5 axb5 20. Bc2 Kh8 21.
Ra7 Rc8 22. Qd3 fxe4 23. Qxb5 e3 24. Nxe3 Bxe3 25. fxe3 Bc4 26. Rxh7+ Kxh7 27. Qb7+ Kh6 28. Rd1 Qf6 29. h4 Qf2+ 30. Kh1 Qxh4+ 31. Kg1 Qf2+ 32.
Kh1 Qxc2 33. Rxd6 Rf1+ 34. Kh2 Rh8 35. Qe7 Qf5 36. Rd7 Qh5+ 37. Kg3 Qg5+ 0-1

[Event "Early-Titled-Tuesday-Blitz-May-07-2024"]
[Site "Chess.com"]
[Date "2024.05.07"]
[Round "7"]
[White "Ural_bogatyr"]
[Black "MarkusRagger"]
[Result "1/2-1/2"]
[WhiteElo "2578"]
[BlackElo "2804"]
[TimeControl "180+1"]
[EndTime "9:21:18 PDT"]
[Termination "Game drawn by repetition"]

1. d4 Nf6 2. Nc3 d5 3. Bf4 g6 4. e3 Bg7 5. Nb5 Na6 6. Nc3 Nb8 7. Nb5 Na6 8. Nc3 O-O 9. Bxa6 bxa6 10. Be5 c6 11. Nge2 a5 12. O-O Ba6 13. Re1 Nd7 14.
Bxg7 Kxg7 15. Nf4 Rb8 16. b3 e6 17. Nd3 Qe7 18. Na4 Bxd3 19. Qxd3 Nb6 20. Nc5 Nd7 21. Nxd7 Qxd7 22. c4 a4 23. Rec1 axb3 24. axb3 Rb4 25.
cxd5 cxd5 26. h4 Rfb8 27. Ra3 R8b7 28. Qc3 R4b6 29. g3 h5 30. Kg2 Qe7 31. Qa1 g5 32.
hxg5 Qxg5 33. Rxa7 Rxb3 34. Rxb7 Rxb7 35. Rh1 Qf5 36. Qd1 Rb2 37. Qf3 Qxf3+ 38. Kxf3 Kg6 39. Rc1 Ra2 40. Rc8 Ra1 41. Rg8+ Kf6 42. Rh8 Kg6 43. Rg8+ Kh7 44. Rg5 Kh6 45. Rg8 Ra2 46. Rh8+ Kg6 47. Rg8+ Kh7 48. Rg5 Kh6 49. Rg8 Kh7 50. Rg5 Kh6 51. Rg8 Kh7 1/2-1/2

[Event "Early-Titled-Tuesday-Blitz-May-07-2024"]
[Site "Chess.com"]
[Date "2024.05.07"]
[Round "7"]
[White "remyrushbrooke"]
[Black "LLariMarc"]
[Result "0-1"]
[WhiteElo "2286"]
[BlackElo "2514"]
[TimeControl "180+1"]
[EndTime "9:21:19 PDT"]
[Termination "LLariMarc won on time"]

1. Nf3 d5 2. g3 g6 3. Bg2 Bg7 4.
O-O e5 5. d3 Nc6 6. Nbd2 Nge7 7. c4 O-O 8. a3 a5 9. Rb1 a4 10. b3 axb3 11. Qxb3 d4 12. a4 h6 13. Ba3 Kh7 14.
e3 Re8 15. exd4 Nxd4 16. Nxd4 Qxd4 17. Rfe1 Nc6 18. Bb2 Qa7 19. Bxc6 bxc6 20. Ra1 Rb8 21. Qc3 Bh3 22. Nf3 Qb7 23. Rab1 c5 24. Re3 Bh8 25. Qe1 e4 26. Nd2 Bxb2 27. Rxe4 Rxe4 28. Nxe4 Qb4 29. Qe2 Qa3 30. g4 Qa2 31. Rd1 Bxg4 32. Qxg4 f5 0-1

[Event "Early-Titled-Tuesday-Blitz-May-07-2024"]
[Site "Chess.com"]
[Date "2024.05.07"]
[Round "7"]
[White "GMSrinath"]
[Black "Mikhail_Golubev"]
[Result "1-0"]
[WhiteElo "2835"]
[BlackElo "2625"]
[TimeControl "180+1"]
[EndTime "9:21:21 PDT"]
[Termination "GMSrinath won on time"]

1. Nf3 d6 2. c4 g6 3. d4 Bg7 4. Nc3 Nf6 5. g3 O-O 6. Bg2 c6 7. e4 e5 8. O-O Nbd7 9. h3 exd4 10.
Nxd4 Re8 11. Re1 Qb6 12. Nb3 Ne5 13. Bf1 Be6 14. Be3 c5 15. Nd5 Bxd5 16. exd5 a5 17. Rb1 a4 18. Nd2 Qa5 19. Qc2 Re7 20. Bf4 Rae8 21. Re2 Nh5 22. Bg5 f6 23. Be3 f5 24.
Rbe1 Nf7 25. Nf3 f4 26. gxf4 Re4 27. Bd2 Rxe2 28. Rxe2 Rxe2 29. Bxe2 1-0

[Event "Early-Titled-Tuesday-Blitz-May-07-2024"]
[Site "Chess.com"]
[Date "2024.05.07"]
[Round "7"]
[White "AnnaChessLook"]
[Black "WilsonPalencia21"]
[Result "0-1"]
[WhiteElo "2301"]
[BlackElo "2525"]
[TimeControl "180+1"]
[EndTime "9:21:21 PDT"]
[Termination "WilsonPalencia21 won by checkmate"]

1. Nf3 c5 2. g3 g6 3. Bg2 Bg7 4. O-O Nc6 5. d3 e5 6. c4 Nge7 7. Nc3 O-O 8. Ne1 d6 9. Nc2 Be6 10. Ne3 Qd7 11. Ned5 f5 12. a3 Rae8 13. Bg5 Nc8 14. Rb1 f4 15. gxf4 h6 16. f5 gxf5 17.
Bd2 Kh7 18. f4 Rg8 19. Kh1 Bh8 20. e3 Rg6 21. Qh5 Reg8 22. Rg1 Bf7 23. Qh3 N8e7 24.
Bf3 Nxd5 25. Nxd5 Rxg1+ 26. Rxg1 Rxg1+ 27. Kxg1 exf4 28. Nxf4 Bxb2 29. e4 Ne5 30. Be2 fxe4 31. Qh4 Bd4+ 32. Kf1 exd3 33. Nxd3 Qf5+ 34. Nf4 Nxc4 35.
Bc1 Ne5 36. Ke1 Bc3+ 37. Kd1 Bb3# 0-1

[Event "Early-Titled-Tuesday-Blitz-May-07-2024"]
[Site "Chess.com"]
[Date "2024.05.07"]
[Round "7"]
[White "PenguinPacks"]
[Black "GeorgiosSouleidis"]
[Result "0-1"]
[WhiteElo "2485"]
[BlackElo "2713"]
[TimeControl "180+1"]
[EndTime "9:21:22 PDT"]
[Termination "GeorgiosSouleidis won by resignation"]

1. e4 c5 2. Nf3 e6 3. d4 cxd4 4. Qxd4 Nf6 5. Nc3 Nc6 6. Qe3 d6 7. Bd2 Be7 8. a3 O-O 9. Bd3 d5 10. exd5 exd5 11. Ne2 Re8 12. Qf4 Bd6 13. Qh4 Bg4 14. O-O-O Bxf3 15. gxf3 Ne5 16. Nd4 Nxd3+ 17. cxd3 Rc8+ 18. Kb1 Ne4 19. Qxd8 Nxd2+ 20. Rxd2 Rexd8 21. Nb5 Bb8 22. Re2 Kf8 23. h3 a6 24. Nc3 f5 25. Rg1 g6 26. h4 Bf4 27. Re6 Rc6 28.
Rge1 Rxe6 29. Rxe6 Kf7 30. Rb6 Rd7 31. Na4 Bd6 32. Nc3 Be7 33. h5 gxh5 34. Rh6 h4 35. Ne2 Kg7 36. Re6 Bg5 37. f4 Bf6 38. Rb6 Re7 39. Nc1 h3 0-1

[Event "Early-Titled-Tuesday-Blitz-May-07-2024"]
[Site "Chess.com"]
[Date "2024.05.07"]
[Round "7"]
[White "FuenfgegenWilly"]
[Black "tandaleo"]
[Result "0-1"]
[WhiteElo "2459"]
[BlackElo "2596"]
[TimeControl "180+1"]
[EndTime "9:21:22 PDT"]
[Termination "tandaleo won by resignation"]

1. e4 e5 2. Nc3 Nf6 3. f4 d5 4. fxe5 Nxe4 5. Nf3 c5 6. d3 Nxc3 7. bxc3 Nc6 8. d4 cxd4 9. cxd4 Bb4+ 10. Bd2 Bxd2+ 11.
Qxd2 O-O 12. Bd3 f6 13. O-O fxe5 14. Nxe5 Nxe5 15. dxe5 Be6 16. Qb4 Rxf1+ 17. Rxf1 Qc7 18. Qd4 b6 19. Bf5 Re8 20. Bxe6+ Rxe6 21. Qxd5 Qxe5 22. Qa8+ Re8 23. Qxa7 Qc5+ 24. Kh1 Qf2 25. Qa6 Re1 26. Qc8+ Kf7 27. Qd7+ Kg6 28. Qd6+ Kh5 29. Qd5+ Kh6 30. Qd6+ g6 31. Qf8+ Qxf8 32. Rxe1 Qf2 33. Rg1 Qxc2 34. a4 Qxa4 35. h3 Qc2 0-1

[Event "Early-Titled-Tuesday-Blitz-May-07-2024"]
[Site "Chess.com"]
[Date "2024.05.07"]
[Round "7"]
[White "Groetzi"]
[Black "JiiHart"]
[Result "0-1"]
[WhiteElo "2400"]
[BlackElo "2184"]
[TimeControl "180+1"]
[EndTime "9:21:24 PDT"]
[Termination "JiiHart won by resignation"]

1. e4 c5 2. Nf3 Nc6 3. Nc3 Nf6 4.
Bb5 e6 5. Bxc6 bxc6 6. d3 d5 7. e5 Nd7 8. O-O Be7 9. Bf4 O-O 10. Ne2 f5 11. exf6 Bxf6 12. Rb1 e5 13. Bg3 Qe7 14. Nc3 Re8 15. Re1 a5 16. Qd2 a4 17. a3 Ba6 18. Re2 h6 19. Rbe1 e4 20. Re3 d4 21.
Rxe4 dxc3 22. Rxe7 cxd2 23. Rxe8+ Rxe8 24. Rxe8+ Kf7 25. Nxd2 Kxe8 26. Ne4 Bxb2 27. Nd6+ Ke7 28. Nf5+ Kf6 29. Nd6 Bxa3 30. Ne4+ Kg6 31. Nc3 Bb5 32. f4 Bb2 33. Na2 c4 34. Kf2 cxd3 35. cxd3 Bxd3 36. Ke3 Bc4 37.
Nb4 a3 38. Be1 a2 39. Nxa2 Bxa2 40. g4 Bc1+ 41. Ke4 Bd5+ 42. Kd4 Bxf4 0-1